 Dungeon Crawl Stone Soup version 0.28-a0-895-g6e5f11bd55 (webtiles) character file.

Game seed: 7189494062125748690

23 kklluuttzz the Digger (level 3, 0/24 HPs)
             Began as a Formicid Earth Elementalist on Nov 21, 2021.
             Slain by a kobold (19 damage)
             ... on level 2 of the Dungeon on Nov 23, 2021.
             The game lasted 00:01:33 (1254 turns).

kklluuttzz the Digger (Formicid Earth Elementalist) Turns: 1254, Time: 00:01:34

Health: 0/24       AC:  2    Str: 13    XL:     3   Next: 12%
Magic:  2/2        EV: 12    Int: 14    God:
Gold:   55         SH:  0    Dex: 11    Spells: 3/6 levels left

rFire   . . .      SeeInvis +   a - +2 short sword (antimagic)
rCold   . . .      Faith    .   (no shield)
rNeg    . . .      Spirit   .   b - +0 robe
rPois   .          Reflect  .   (helmet unavailable)
rElec   .          Harm     .   (no cloak)
rCorr   .          Rampage  .   (no gloves)
Will    .....                   (no boots)
Stlth   ++........              (no amulet)
HPRegen 0.08/turn               (no ring)
MPRegen 0.08/turn               (no ring)

@: no status effects
A: permanent stasis, dig shafts and tunnels, antennae 3, four strong arms
a: Dig, Shaft Self


You were on level 2 of the Dungeon.
You visited 1 branch of the dungeon, and saw 2 of its levels.

You collected 55 gold pieces.

Inventory:

Hand Weapons
 a - a +2 antimagic short sword (weapon)
Missiles
 c - 61 stones
Armour
 b - a +0 robe (worn)
 f - a +0 buckler
Scrolls
 e - a scroll of enchant armour {unknown}
 g - a scroll of blinking {unknown}
Potions
 d - a potion of flight {unknown}


   Skills:
 + Level 0.2 Short Blades
 - Level 1.7 Dodging
 + Level 2.5 Stealth
 - Level 2.1 Spellcasting
 - Level 1.1 Transmutations
 - Level 4.8 Earth Magic


You had 3 spell levels left.
You knew the following spells:

 Your Spells              Type           Power      Damage    Failure   Level
a - Sandblast             Erth           30%        2d9       3%          1
w - Passwall              Tmut/Erth      7%         N/A       11%         2

Your spell library contained the following spells:

 Spells                   Type           Power      Damage    Failure   Level
 Stone Arrow              Conj/Erth      16%        3d8       26%         3
 Petrify                  Tmut/Erth      9%         N/A       56%         4


Dungeon Overview and Level Annotations

Branches:
Dungeon (2/15)

Altars:


Innate Abilities, Weirdness & Mutations

You cannot be hasted, slowed, berserked, paralysed or teleported.
You can dig through walls and to a lower floor.
You have a pair of large antennae on your head. (SInv)
Your four strong arms can wield two-handed weapons with a shield.


Message History

No target in view!
c - 61 stones (gained 28)
You see here a bat corpse.
You now have 55 gold pieces (gained 3).
A bat comes into view.
Found 15 poisoned darts.
A bat is nearby!
A bat is nearby!
A bat is nearby!
The bat closely misses you.
You hit the bat but do no damage. The bat barely misses you.
You closely miss the bat. The bat barely misses you. The bat hits you.
You hit the bat.
You kill the bat!
No target in view!
You see here a +0 ring mail.
You see here a +0 ring mail.
You enter the shallow water.
Moving in this stuff is going to be slow.
Done exploring.
Done exploring.
Done exploring.
You enter the shallow water.
Moving in this stuff is going to be slow.
You see here a +0 dagger.
There is a stone staircase leading down here.
You climb downwards.
There is a stone staircase leading up here.
A kobold comes into view.
It is wielding a +2 short sword of electrocution.
The kobold shouts!
A kobold is nearby!
A goblin comes into view. It is wielding a +0 club.
Found 14 gold pieces.
The goblin shouts!
The goblin closely misses you.
You miss the kobold. The goblin barely misses you.
The kobold hits you with a +2 short sword of electrocution.
You are electrocuted!!
Ouch! That really hurt!
You die...

#..# #..# #..# #
#..#
##.###..##########
..................
#.#......<########
#.##..######### #
#...@g......
........K...####
..........$.#
#............#
.............#
#............#
#............#
............#


You could see a goblin and a kobold.

Vanquished Creatures
  A dart slug (D:1)
  2 bats (D:1)
  2 endoplasms (D:1)
  2 giant cockroaches (D:1)
  3 goblins (D:1)
  A hobgoblin (D:1)
  4 kobolds (D:1)
  2 ball pythons (D:1)
  A frilled lizard (D:1)
18 creatures vanquished.

Notes
Turn   | Place    | Note
-------+----------+-------------------------------------------
     0 | D:1      | kklluuttzz the Formicid Earth Elementalist began the quest
                  | for the Orb.
     0 | D:1      | Reached XP level 1. HP: 13/13 MP: 3/3
    62 | D:1      | Reached skill level 4 in Earth Magic
   120 | D:1      | Reached XP level 2. HP: 19/19 MP: 3/5
   460 | D:1      | Learned a level 2 spell: Passwall
   467 | D:1      | Upgraded the game from 0.28-a0-872-g80cf8599ee to
                  | 0.28-a0-895-g6e5f11bd55
   816 | D:1      | Reached XP level 3. HP: 5/24 MP: 2/6
  1254 | D:2      | Slain by a kobold

Illustrated notes

Levels and vault maps discovered:
D:1:      psy_arrival_conway, layout_rooms, minmay_misc_feat_encased
D:2:      layout_basic

Skill      XL: |  1 |
---------------+----+-----
Earth Magic    | 4 |  4.8
Short Blades   | |  0.2
Dodging        | |  1.7
Stealth        | |  2.5
Spellcasting   | |  2.1
Transmutations | |  1.1

Action                   || total
-------------------------++-------
Melee: Short sword       ||    39
       Unarmed           ||    15
 Cast: Sandblast         ||     8
Armor: Robe              ||     9
Dodge: Dodged            ||    50

Table legend: (Time is in decaauts)
 A = Elapsed time spent in this place.
 B = Non-inter-level travel time spent in this place.
 C = Inter-level travel time spent in this place.
 D = Time resting spent in this place.
 E = Time spent auto-exploring this place.
 F = Levels seen in this place.
 G = Mean time per level.
                   A        B        C        D        E       F      G
               +--------+--------+--------+--------+--------+-----+--------+
         Total |   1261 |   1222 |     39 |    518 |    512 |   2 |  630.5 |
       Dungeon |   1261 |   1222 |     39 |    518 |    512 |   2 |  630.5 |
               +--------+--------+--------+--------+--------+-----+--------+

Top non-repeatable levels by time:
     D:1: 1251 daAuts
     D:2: 9 daAuts
